 Dungeon Crawl Stone Soup version 0.23-a0-119-ga86c9e7 (webtiles) character file.

47816 Amnesiac the Destroyer (level 14, -1/85 HPs)
             Began as a Mummy Air Elementalist on Aug 22, 2018.
             Was a High Priest of Vehumet.
             Killed from afar by a wizard (36 damage)
             ... with a bolt of lightning
             ... on level 14 of the Dungeon on Aug 24, 2018.
             The game lasted 00:54:34 (23738 turns).

Amnesiac the Destroyer (Mummy Air Elementalist)    Turns: 23738, Time: 00:54:35

Health: -1/85      AC: 12    Str: 11    XL:     14   Next: 10%
Magic:  1/31       EV: 11    Int: 19    God:    Vehumet [*****.]
Gold:   137        SH:  0    Dex: 13    Spells: 16/39 levels left

rFire    x . .     SeeInvis .   a - +2 scimitar (freeze)
rCold    + . .     Gourm    .   (no shield)
rNeg     + + +     Faith    .   C - +0 troll leather armour
rPois    ∞         Spirit   .   r - +2 hat {MR+}
rElec    .         Reflect  .   g - scarf {cloud immunity}
rCorr    .         Harm     .   v - +2 pair of gloves
MR       ++...                  n - +2 pair of boots {run}
Stlth    ++........             q - amulet of magic regeneration
HPRegen  0.64/turn              (no ring)
MPRegen  0.47/turn              (no ring)

@: quick
A: no food or potions, fire vulnerability, cold resistance 1, negative energy
resistance 3, torment resistance, unbreathing, in touch with death 1
a: Renounce Religion


You were on level 14 of the Dungeon.
You worshipped Vehumet.
Vehumet was extremely pleased with you.
You were not hungry.

You visited 3 branches of the dungeon, and saw 17 of its levels.

You collected 964 gold pieces.
You spent 827 gold pieces at shops.

Inventory:

Hand Weapons
 a - a +2 scimitar of freezing (weapon)
 b - a +0 blowgun
Missiles
 c - a tomahawk of returning (quivered)
 y - 43 poisoned needles
Armour
 e - a +3 leather armour of fire resistance
 g - a scarf of cloud immunity (worn)
 n - a +2 pair of boots of running (worn)
 r - a +2 hat of magic resistance (worn)
 v - a +2 pair of gloves (worn)
 C - a +0 troll leather armour (worn)
Magical Staves
 t - an uncursed staff of energy
Jewellery
 q - an amulet of magic regeneration (around neck)
 z - an uncursed amulet of regeneration
 B - an uncursed ring of resist corrosion {unknown}
Wands
 h - a wand of polymorph (17)
 k - a wand of iceblast (11)
 m - a wand of paralysis (13)
 u - a wand of digging (7)
 x - a wand of enslavement (10)
Scrolls
 d - 8 scrolls of remove curse {!r}
 f - 4 scrolls of enchant armour {!r}
 i - a scroll of silence {!r}
 j - 6 scrolls of magic mapping {!r}
 l - 5 scrolls of teleportation {!r}
 o - a scroll of immolation {!r}
 p - 3 scrolls of identify {!r}
 s - 3 scrolls of amnesia {!r}
 w - a scroll of enchant weapon {!r}
 A - 2 scrolls of summoning {!r}


   Skills:
 - Level 1.5 Dodging
 - Level 1.5 Stealth
 + Level 13.0 Spellcasting
 * Level 13.2 Conjurations
 * Level 13.1 Air Magic


You had 16 spell levels left.
You knew the following spells:

 Your Spells              Type           Power        Failure   Level  Hunger
a - Airstrike             Air            ######....   1%          4    N/A
b - Mephitic Cloud        Conj/Pois/Air  #####...     1%          3    N/A
c - Freezing Cloud        Conj/Ice/Air   #####.....   9%          6    N/A
d - Lightning Bolt        Conj/Air       ######....   1%          5    N/A
e - Shock                 Conj/Air       ####         1%          1    N/A
v - Blink                 Tloc           N/A          11%         2    N/A
z - Swiftness             Chrm/Air       #####...     1%          2    N/A

Your spell library contained the following spells:

 Spells                   Type           Power        Failure   Level  Hunger
 Magic Dart               Conj           ####         1%          1    N/A
 Conjure Flame            Conj/Fire      #####...     1%          3    N/A
 Dazzling Spray           Conj/Hex       #####.       1%          3    N/A
 Static Discharge         Conj/Air       ######..     1%          3    N/A
 Apportation              Tloc           ##....       7%          1    N/A
 Corona                   Hex            ##.....      7%          1    N/A
 Summon Butterflies       Summ           ##......     7%          1    N/A
 Call Imp                 Summ           ##......     11%         2    N/A
 Ensorcelled Hibernation  Hex/Ice        ##....       11%         2    N/A
 Shroud of Golubria       Chrm/Tloc      ##........   11%         2    N/A
 Slow                     Hex            ##......     11%         2    N/A
 Confuse                  Hex            ##......     22%         3    N/A
 Gell's Gravitas          Tloc           ##........   22%         3    N/A
 Lesser Beckoning         Tloc           ##........   22%         3    N/A
 Teleport Other           Tloc           ##......     22%         3    N/A
 Tukima's Dance           Hex            ##......     22%         3    N/A
 Passage of Golubria      Tloc           N/A          56%         4    N/A
 Alistair's Intoxication  Tmut/Pois      ##......     89%         5    N/A
 Invisibility             Hex            ##......     100%        6    N/A

Dungeon Overview and Level Annotations

Branches:
Dungeon (14/15)            Temple (1/1) D:7            Lair (0/6) D:11
    Orc (2/2) D:12            Elf (0/3) Orc:2        Vaults (0/5) D:14

Altars:
Ashenzari
Fedhas
Hepliaklqana
Kikubaaqudgha
Nemelex Xobeh
Sif Muna
Trog
Vehumet
Wu Jian
Xom
Zin
The Shining One
Beogh

Shops:
D:5 :   D:9 *   Orc:1 *[=   Orc:2 [?[:


Innate Abilities, Weirdness & Mutations

You do not eat or drink.
Your flesh is vulnerable to fire.
You are immune to poison.
Your flesh is cold resistant. (rC+)
You are immune to negative energy. (rN+++)
You are immune to unholy pain and torment.
You can survive without breathing.
You are in touch with the powers of death.


Message History

Casting: Freezing Cloud (slightly dangerous; 9% risk of failure)
Confirm with . or Enter, or press ? or * to list all spells.
Aiming: Freezing Cloud (slightly dangerous; 9% risk of failure)
Press: ? - help, Dir - move target cursor The fire elemental barely misses you.
Casting: Freezing Cloud (slightly dangerous; 9% risk of failure)
Confirm with . or Enter, or press ? or * to list all spells.
You don't have enough magic to cast that spell.
The fire elemental hits you. The fire elemental burns you!
The fire burns you terribly!
* * * LOW HITPOINT WARNING * * *
Really read
l - 6 scrolls of teleportation {!r}?
As you read the scroll of teleportation {!r}, it crumbles to dust.
You feel strangely unstable. The fire elemental closely misses you.
The fire elemental barely misses you.
Your surroundings suddenly seem different.
You open the door.
Casting: Freezing Cloud (slightly dangerous; 9% risk of failure)
Confirm with . or Enter, or press ? or * to list all spells.
Aiming: Airstrike (safe; 1% risk of failure)
Press: ? - help, Dir - move target cursor, f - phantom
Aim: a phantom (heavily damaged)
The air twists around and violently strikes the phantom!
The phantom is severely damaged.
The phantom hits you but does no damage.
Casting: Airstrike (safe; 1% risk of failure)
Confirm with . or Enter, or press ? or * to list all spells.
You don't have enough magic to cast that spell.
You hit the phantom.
The phantom is almost destroyed.
The phantom barely misses you.
Casting: Airstrike (safe; 1% risk of failure)
Confirm with . or Enter, or press ? or * to list all spells.
Aiming: Airstrike (safe; 1% risk of failure)
Press: ? - help, Dir - move target cursor, f/p - phantom
Aim: a phantom (almost destroyed)
The air twists around and violently strikes the phantom!
You destroy the phantom!
Vehumet accepts your kill.
You feel your power returning.
The wizard shouts!
You hear a bark!
You hear a loud, deep croak!
There is an open door here.
You close the door.
You start resting.
A wizard opens the door.
It is wielding an enchanted dagger.
You close the door.
A wizard opens the door.
You close the door.
A wizard opens the door.
You close the door.
A wizard opens the door.
You close the door.
A wizard opens the door.
Casting: Airstrike (safe; 1% risk of failure)
Confirm with . or Enter, or press ? or * to list all spells.
Aiming: Freezing Cloud (slightly dangerous; 9% risk of failure)
Press: ? - help, Dir - move target cursor, f - wizard
Aim: a wizard, wielding an enchanted dagger and wearing a robe The wizard is engulfed in freezing vapours.
The wizard points at you and mumbles some strange words.
The stone arrow misses you.
The wizard is engulfed in freezing vapours.
You barely miss the wizard.
The wizard is heavily wounded.
The wizard is engulfed in freezing vapours.
The wizard gestures at you while chanting.
The bolt of lightning hits you!
You die...

...##E# .§.. #.#.§# ...
#..§## .. ##.§##### #.
#...§§§.# #.## #.#####.##
#..## ........§.# #...#
§...#
..[......§.#####§####h§.#
..#.........#§§p@...#.§.#
#.########§.#§§####+#.§.#
#++ # #§.#§p #§§. #..
##†#'#######.# #.#
#...§.§...§.#### #.#
#......§....†..######..
#..#......)...##.)p......
##.#####'####..{#####<...
#. #.......#...####..#..


You could see a wizard.

Vanquished Creatures
  Gastronok (D:8)
  An orc warlord (Orc:2)
  A stone giant (Orc:2)
  An ogre mage (D:12)
  12 two-headed ogres
  A centaur warrior (D:12)
  4 orc high priests (Orc:2)
  A deep elf knight (D:12)
  2 unseen horrors
  A deep troll (shapeshifter) (D:12)
  3 wizards (D:14)
  A deep elf archer (D:12)
  A necromancer (D:14)
  3 orc knights (Orc:2)
  5 orc sorcerers
  A manticore (D:12)
  A deep elf mage (D:12)
  2 cyclopes (Orc:1)
  3 ugly things
  A wolf spider (D:12)
  Joseph (D:8)
  A gargoyle (D:12)
  A kobold demonologist (D:11)
  9 trolls
  Prince Ribbit (D:8)
  6 slime creatures (D:12)
  4 hippogriffs
  2 shadows (D:11)
  A wraith (D:13)
  2 wyverns
  8 yaks (D:13)
  3 basilisks
  5 hungry ghosts
  A vampire mosquito (D:12)
  A soldier ant (D:14)
  An acid dragon (D:14)
  6 wargs
  Duvessa (D:7)
  2 water moccasins
  A hell hound (D:14)
  38 orc warriors
  A sky beast (D:11)
  5 ice beasts
  18 ogres
  A hornet zombie (D:7)
  2 phantoms
  10 centaurs
  A big kobold (D:9)
  9 bullfrogs
  Dowan (D:7)
  4 scorpions
  10 killer bees (D:11)
  18 wights
  4 howler monkeys (D:13)
  2 bullfrog zombies
  6 crimson imps
  3 centaur zombies
  6 jellies
  20 orc wizards
  2 bullfrog skeletons
  29 orc priests
  5 hounds
  2 centaur skeletons
  5 iguanas
  12 worker ants
  2 killer bee zombies (D:10)
  2 hound zombies
  3 worker ant zombies
  Robin (D:4)
  9 adders
  A howler monkey skeleton (D:5)
  3 shadow imps
  2 oozes (D:3)
  An adder zombie (D:7)
  2 worms (D:2)
  5 dart slugs
  8 leopard geckos
  111 orcs
  5 giant cockroaches
  11 goblins
  12 hobgoblins
  4 jackals
  10 kobolds
  4 quokkas
  3 ball pythons
  10 bats
  4 frilled lizards
  2 jackal skeletons
  3 leopard gecko skeletons
  A quokka skeleton (D:5)
  A quokka zombie (D:10)
  11 rats
548 creatures vanquished.

Vanquished Creatures (collateral kills)
  A komodo dragon (D:11)
  A killer bee (D:11)
2 creatures vanquished.

Vanquished Creatures (others)
  3 plants (D:11)
3 creatures vanquished.

Grand Total: 553 creatures vanquished

Notes
Turn   | Place    | Note
-------+----------+-------------------------------------------
     0 | D:1      | Amnesiac the Mummy Air Elementalist began the quest for the Orb.
     0 | D:1      | Reached XP level 1. HP: 13/13 MP: 4/4
     0 | D:1      | Upgraded the game from 0.23-a0-109-g5e4b187 to 0.23-a0-119-ga86c9e7
   388 | D:1      | Reached XP level 2. HP: 19/19 MP: 1/5
   392 | D:1      | Learned a level 2 spell: Swiftness
   658 | D:4      | Noticed a centaur
   793 | D:4      | Noticed Robin
   850 | D:4      | Reached XP level 3. HP: 23/24 MP: 0/7
   876 | D:5      | Entered Level 5 of the Dungeon
  1393 | D:4      | Killed Robin
  1393 | D:4      | Reached XP level 4. HP: 27/30 MP: 3/9
  1399 | D:4      | Learned a level 4 spell: Airstrike
  1908 | D:4      | Killed a centaur
  1908 | D:4      | Reached XP level 5. HP: 16/35 MP: 1/11
  2181 | D:4      | Found an ornate altar of the Wu Jian Council.
  2206 | D:5      | Noticed a centaur
  2736 | D:5      | Reached XP level 6. HP: 29/41 MP: 4/13
  3017 | D:4      | Reached skill level 5 in Spellcasting
  3017 | D:4      | Reached skill level 5 in Air Magic
  3191 | D:5      | Found Uway's Book Shop.
  3390 | D:5      | Reached XP level 7. HP: 46/46 MP: 0/15
  3420 | D:5      | Learned a level 5 spell: Lightning Bolt
  4601 | D:6      | Found a hazy altar of Hepliaklqana.
  5017 | D:6      | Reached XP level 8. HP: 32/52 MP: 2/18
  5164 | D:6      | Found a radiant altar of Vehumet.
  5235 | D:6      | Became a worshipper of Vehumet
  6021 | D:2      | Reached * piety under Vehumet
  6021 | D:2      | Offered knowledge of Flame Tongue by Vehumet.
  6330 | D:2      | Found a deep blue altar of Sif Muna.
  7277 | D:7      | Found a staircase to the Ecumenical Temple.
  7477 | D:7      | Noticed Duvessa
  7484 | D:7      | Noticed Dowan
  7502 | D:7      | Killed Duvessa
  7895 | D:7      | Reached XP level 9. HP: 56/57 MP: 13/21
  7916 | D:7      | Killed Dowan
  8004 | D:7      | Reached ** piety under Vehumet
  8004 | D:7      | Offered knowledge of Sandblast by Vehumet.
  8095 | D:7      | Found a bloodstained altar of Trog.
  8348 | Temple   | Entered the Ecumenical Temple
  8406 | D:8      | Noticed a two-headed ogre
  8442 | D:8      | Killed a two-headed ogre
  8544 | D:8      | Noticed Joseph
  8571 | D:8      | Killed Joseph
  8775 | D:8      | Noticed Gastronok
  8807 | D:8      | Found a glowing golden altar of the Shining One.
  8907 | D:8      | Noticed Prince Ribbit
  8915 | D:8      | Killed Prince Ribbit
  9957 | D:8      | Killed Gastronok
  9957 | D:8      | Reached XP level 10. HP: 63/63 MP: 7/22
 10568 | D:9      | Found Uxapu's General Store.
 11147 | D:10     | Entered Level 10 of the Dungeon
 11156 | D:10     | Offered knowledge of Dazzling Spray by Vehumet.
 11317 | D:10     | Learned a level 2 spell: Blink
 11321 | D:10     | Learned a level 3 spell: Mephitic Cloud
 11496 | D:10     | Reached *** piety under Vehumet
 11717 | D:10     | Noticed a two-headed ogre
 11724 | D:10     | Killed a two-headed ogre
 11724 | D:10     | Reached XP level 11. HP: 68/68 MP: 15/24
 11919 | D:10     | Found a glowing silver altar of Zin.
 11941 | D:10     | Offered knowledge of Throw Icicle by Vehumet.
 12206 | D:11     | Noticed a two-headed ogre
 12573 | D:11     | Killed a two-headed ogre
 12673 | D:11     | Noticed a brown ugly thing
 12695 | D:11     | Found a staircase to the Lair.
 12843 | D:11     | Reached **** piety under Vehumet
 12934 | D:11     | Reached skill level 10 in Air Magic
 13182 | D:11     | Reached skill level 10 in Conjurations
 13361 | D:11     | Reached skill level 10 in Spellcasting
 13362 | D:11     | Offered knowledge of Fulminant Prism by Vehumet.
 13699 | D:11     | Killed a brown ugly thing
 14153 | D:12     | Noticed a two-headed ogre
 14337 | D:12     | Noticed an ogre mage
 14476 | D:12     | Killed an unseen horror
 14623 | D:12     | Killed an ogre mage
 14630 | D:12     | Noticed a wolf spider
 14635 | D:12     | Killed a wolf spider
 14769 | D:12     | Reached XP level 12. HP: 69/74 MP: 11/26
 15045 | D:12     | Noticed a storm dragon
 15184 | D:12     | Noticed a sphinx
 15187 | D:12     | Noticed an azure jelly
 15187 | D:12     | a sphinx changed into an azure jelly
 15191 | D:12     | Noticed a storm dragon
 15191 | D:12     | an azure jelly changed into a storm dragon
 15438 | D:12     | Noticed a centaur warrior
 15820 | D:12     | Reached ***** piety under Vehumet
 15827 | D:12     | Killed a centaur warrior
 15827 | D:12     | Offered knowledge of Bolt of Fire by Vehumet.
 16638 | D:12     | Killed a two-headed ogre
 16683 | D:12     | Found a staircase to the Orcish Mines.
 16970 | D:12     | Identified a scroll of acquirement {!r}
 17035 | Orc:1    | Entered Level 1 of the Orcish Mines
 17061 | Orc:1    | Noticed a two-headed ogre
 17095 | Orc:1    | Killed a two-headed ogre
 17632 | Orc:2    | Entered Level 2 of the Orcish Mines
 17740 | Orc:2    | Noticed a two-headed ogre
 17760 | Orc:2    | Killed a two-headed ogre
 17931 | Orc:2    | Noticed a two-headed ogre
 17943 | Orc:2    | Killed a two-headed ogre
 18115 | Orc:1    | Noticed a two-headed ogre
 18133 | Orc:2    | Killed a two-headed ogre
 18308 | Orc:1    | Gained mutation: You are in touch with the powers of death. [Mummy growth]
 18308 | Orc:1    | Reached XP level 13. HP: 60/79 MP: 3/28
 18390 | Orc:1    | Found Woopt's Assorted Antiques.
 18576 | Orc:1    | Found Fufid's Antique Armour Boutique.
 18581 | Orc:1    | Found Cimmyquy's Jewellery Shoppe.
 19473 | Orc:2    | Offered knowledge of Poison Arrow by Vehumet.
 19607 | Orc:2    | Found a roughly hewn altar of Beogh.
 19608 | Orc:2    | Found Mottuumn's Magic Scroll Emporium.
 19618 | Orc:2    | Found Gecroifirgh's Antique Armour Shoppe.
 19862 | Orc:2    | Noticed a stone giant
 20078 | Orc:2    | Killed a stone giant
 20616 | Orc:2    | Found a staircase to the Elven Halls.
 21000 | Orc:2    | Noticed an orc warlord
 21013 | Orc:2    | Killed an orc warlord
 21395 | Orc:2    | Found Yruurett's Book Shoppe.
 21414 | Orc:2    | Found a roughly hewn altar of Beogh.
 21626 | Orc:2    | Found Ruyggiy's Armour Emporium.
 21919 | Orc:2    | Offered knowledge of Freezing Cloud by Vehumet.
 21966 | Orc:2    | Learned a level 6 spell: Freezing Cloud
 22115 | Orc:2    | Bought a faintly humming ring mail for 225 gold pieces
 22115 | Orc:2    | Bought a glowing robe for 92 gold pieces
 22135 | Orc:2    | Identified the +2 ring mail of the Failed Coup {rN+} (You bought it in a shop on level 2 of the Orcish Mines)
 22178 | Orc:1    | Bought a pair of runed boots for 255 gold pieces
 22178 | Orc:1    | Bought a glowing helmet for 255 gold pieces
 22198 | Orc:1    | Identified a +1 pair of boots of running (You bought it in a shop on level 1 of the Orcish Mines)
 23471 | D:14     | Reached XP level 14. HP: 85/85 MP: 11/30
 23526 | D:14     | Found a blossoming altar of Fedhas.
 23664 | D:14     | Found a gate to the Vaults.
 23738 | D:14     | Killed from afar by a wizard

Vault maps used:
D:1:      mrwooster_arrival_statue
D:2:      lemuel_blue_sif_altar, serial_forest, infiniplex_forest_lined_ring,
          infiniplex_forest_straight_3, infiniplex_forest_straight_5,
          infiniplex_forest_pool, infiniplex_forest_clump_tiny, minmay_ruptured
D:3:      first_ration, grunt_decor_cap, minmay_cupped
D:4:      lemuel_round_altar, hangedman_decor_clover_reticule, uniq_robin
D:5:      serial_glass, glass_columns_b, glass_columns_a, serial_shops,
          kennysheep_little_box
D:6:      lemuel_doored_altar, kennysheep_mini, palyth_stone_intersect
D:7:      nicolae_overflow_hidden_temple, minmay_temple_entry_hall,
          grunt_ogre_cave, st_stairs_12, uniq_duvessa
D:8:      marbit_many_paths, uniq_joseph, uniq_gastronok, uniq_prince_ribbit1
D:9:      serial_shops, nicolae_shop_crystal, serial_bayou_ford_a
D:10:     basic_altar
D:11:     david_lair_shrubbed, nrook_mini_backslash
D:12:     orc_0_dummy, hangedman_abyss_or_decor_slice, minivault_28
D:14:     minmay_smoke_and_mirrors, david_vaults_1,
          portal_ice_cave_demonic_guard, fedhas_altar_3,
          kennysheep_generic_room_15, uniq_azrael
Temple:   eino_temple_rhombus
Orc:1:    serial_shops, nicolae_shop_trees, shop, nicolae_shop_stone
Orc:2:    pubby_orc_utopia

Skill      XL: |  1  2  3  4  5  6  7  8  9 10 11 12 13 14 |
---------------+-------------------------------------------+-----
Air Magic      | 3 4 5 6 8 9 10 11 13 | 13.1
Spellcasting   | 3 4 5 6 8 9 10 11 12 13 | 13.0
Conjurations   | 3 9 10 11 13 | 13.2
Dodging        | |  1.5
Stealth        | |  1.5

Action                   |  1- 3 |  4- 6 |  7- 9 | 10-12 | 13-15 || total
-------------------------+-------+-------+-------+-------+-------++-------
Melee: Unarmed           |     5 |       |     7 |       |       ||    12
       Short sword       |       |       |    24 |    42 |       ||    66
       Dagger            |       |       |     4 |       |       ||     4
       Long sword        |       |       |       |    31 |       ||    31
       Scimitar          |       |       |       |    37 |    26 ||    63
 Fire: Blowgun           |       |       |    19 |       |       ||    19
Throw: Tomahawk          |     3 |       |       |       |       ||     3
 Cast: Shock             |    55 |    88 |   142 |     7 |     9 ||   301
       Airstrike         |       |     1 |   122 |   415 |   255 ||   793
       Lightning Bolt    |       |       |     6 |    51 |    83 ||   140
       Mephitic Cloud    |       |       |       |     3 |       ||     3
       Freezing Cloud    |       |       |       |       |    10 ||    10
       Swiftness         |       |       |       |       |     1 ||     1
Evoke: Wand              |       |       |     3 |     3 |     1 ||     7
  Use: Scroll            |       |     5 |     7 |    10 |     7 ||    29
 Stab: Confused          |       |       |       |     1 |       ||     1
Armor: Robe              |     8 |       |       |       |       ||     8
       Animal skin       |       |    12 |    42 |    14 |       ||    68
       Leather armour    |       |       |       |    72 |    39 ||   111
       Troll leather arm |       |       |       |       |     8 ||     8
Dodge: Dodged            |    29 |    38 |    92 |   184 |    49 ||   392
       Rpst.: Long sword |       |       |       |    14 |       ||    14
       Scimitar          |       |       |       |    24 |    14 ||    38

Table legend:
 A = Non-vault XP
 B = Vault XP
 C = Vault XP percentage of total XP
 D = Non-vault monster count
 E = Vault monster count
 F = Vault count percentage of total count
                 A         B        C        D         E       F
            +---------+---------+-------+---------+---------+-------
      Total |   32606 |   35703 |  52.3 |     357 |     193 |  35.1
            +---------+---------+-------+---------+---------+-------
        D:1 |      33 |       0 |   0.0 |      19 |       0 |   0.0
        D:2 |      63 |      11 |  14.9 |      18 |       5 |  21.7
        D:3 |      38 |       5 |  11.6 |      17 |       2 |  10.5
        D:4 |     399 |      32 |   7.4 |      14 |       9 |  39.1
        D:5 |     629 |       6 |   0.9 |      23 |       3 |  11.5
        D:6 |     577 |       0 |   0.0 |      15 |       0 |   0.0
        D:7 |    1026 |     388 |  27.4 |      25 |       4 |  13.8
        D:8 |    1308 |    3039 |  69.9 |      10 |       3 |  23.1
        D:9 |    1280 |       0 |   0.0 |      36 |       0 |   0.0
       D:10 |    3641 |       0 |   0.0 |      33 |       0 |   0.0
       D:11 |    5244 |     382 |   6.8 |      44 |       2 |   4.3
       D:12 |    5408 |    6887 |  56.0 |      25 |      11 |  30.6
       D:13 |    6419 |       0 |   0.0 |      37 |       0 |   0.0
       D:14 |     488 |    4045 |  89.2 |       5 |       7 |  58.3
      Orc:1 |    5138 |       0 |   0.0 |      35 |       0 |   0.0
      Orc:2 |     915 |   20908 |  95.8 |       1 |     147 |  99.3
            +---------+---------+-------+---------+---------+-------
